 Dungeon Crawl Stone Soup version 0.21.1-1-g345015f (webtiles) character file.

3006 letownia2 the Destroyer (level 9, -4/67 HPs)
             Began as a Gargoyle Earth Elementalist on Feb 13, 2018.
             Was a Follower of Vehumet.
             Slain by a killer bee (6 damage)
             ... on level 7 of the Dungeon.
             The game lasted 00:22:22 (2457 turns).

letownia2 the Destroyer (GrEE)                      Turns: 2457, Time: 00:22:23

Health: -4/67      AC: 24    Str: 16    XL:     9   Next: 84%
Magic:  3/20       EV:  2    Int: 19    God:    Vehumet [*.....]
Gold:   318        SH:  0    Dex: 10    Spells: 4/23 levels left

rFire    + . .     SeeInvis .   a - +3 dagger (drain)
rCold    . . .     Gourm    .   (no shield)
rNeg     + + +     Faith    .   (armour currently unavailable)
rPois    ∞         Spirit   .   (helmet currently unavailable)
rElec    .         Reflect  .   (cloak currently unavailable)
rCorr    .         Harm     .   (gloves currently unavailable)
MR       .....     NoTele   +   (boots currently unavailable)
Stlth    ++........             g - amulet of magic regeneration
HPRegen  0.21/turn              (no ring)
MPRegen  0.42/turn              y - ring "Yzxomoutum" {*Tele *Drain rF+ Str+4}

@: tree-form
A: negative energy resistance 1, petrification resistance, rot immunity, AC +6
a: Renounce Religion


You were on level 7 of the Dungeon.
You worshipped Vehumet.
Vehumet was aware of your devotion.
You were very hungry.
You were a tree.
You visited 2 branches of the dungeon, and saw 8 of its levels.
You also visited: Bailey.

You collected 318 gold pieces.

Inventory:

Hand Weapons
 a - a +3 dagger of draining (weapon)
 h - a +0 dagger
 H - a +1 dagger of venom
 I - a +2 whip of flaming
Missiles
 b - 82 stones (quivered)
 m - 52 bolts
 t - 5 tomahawks of returning
Armour
 j - a +2 hat (melded)
 p - a +1 pair of gloves (melded)
 s - a +0 leather armour (melded)
Jewellery
 g - an amulet of magic regeneration (around neck)
 y - the ring "Yzxomoutum" (right branch) {*Tele *Drain rF+ Str+4}
   (You found it on level 6 of the Dungeon)

   [ring of teleportation]

   It may teleport you next to monsters.
   It affects your strength (+4).
   It protects you from fire.
   It causes draining when unequipped.
Wands
 o - a wand of digging (26)
 L - a wand of acid (7)
Scrolls
 l - 2 scrolls of amnesia
 n - 2 scrolls of remove curse
 v - a scroll of acquirement {unknown}
 w - a scroll of teleportation {unknown}
 x - a scroll of enchant weapon
 D - a scroll of immolation {unknown}
 E - a scroll of magic mapping {unknown}
Potions
 c - a potion of experience {unknown}
 f - a potion of resistance {unknown}
 k - 3 potions of curing
 r - a potion of might
 u - a potion of brilliance
 z - a potion of ambrosia {unknown}
 B - a potion of heal wounds
 C - 2 potions of haste
 J - a potion of agility
Books
 e - a book of Geomancy

   Spells                             Type                      Level
   a - Sandblast                      Earth                        1
   b - Passwall                       Transmutation/Earth          2
   c - Stone Arrow                    Conjuration/Earth            3
   d - Petrify                        Transmutation/Earth          4
   e - Lee's Rapid Deconstruction     Earth                        5
 q - a book of Maledictions

   Spells                             Type                      Level
   a - Corona                         Hexes                        1
   b - Ensorcelled Hibernation        Hexes/Ice                    2
   c - Confuse                        Hexes                        3
   d - Tukima's Dance                 Hexes                        3
   e - Dazzling Spray                 Conjuration/Hexes            3
 F - a book of Flames

   Spells                             Type                      Level
   a - Flame Tongue                   Conjuration/Fire             1
   b - Throw Flame                    Conjuration/Fire             2
   c - Conjure Flame                  Conjuration/Fire             3
   d - Inner Flame                    Hexes/Fire                   3
   e - Sticky Flame                   Conjuration/Fire             4
   f - Fireball                       Conjuration/Fire             5
 G - a book of Conjurations

   Spells                             Type                      Level
   a - Magic Dart                     Conjuration                  1
   b - Searing Ray                    Conjuration                  2
   c - Dazzling Spray                 Conjuration/Hexes            3
   d - Fulminant Prism                Conjuration/Hexes            4
   e - Force Lance                    Conjuration/Translocation    4
   f - Iskenderun's Mystic Blast      Conjuration                  4
Miscellaneous
 i - a phantom mirror
 K - a phial of floods
Comestibles
 d - 4 rations


   Skills:
 - Level 1.6 Dodging
 - Level 2.2 Stealth
 - Level 7.9 Spellcasting
 + Level 9.1 Conjurations
 - Level 2.2 Hexes
   Level 0.7 Transmutations
 - Level 2.1 Fire Magic
 - Level 6.8 Earth Magic


You had 4 spell levels left.
You knew the following spells:

 Your Spells              Type           Power        Failure   Level  Hunger
a - Sandblast             Erth           ####..       1%          1    None
c - Conjure Flame         Conj/Fire      ####....     2%          3    None
d - Stone Arrow           Conj/Erth      #####.       1%          3    None
e - Inner Flame           Hex/Fire       ###.....     11%         3    None
f - Throw Flame           Conj/Fire      ####..       1%          2    None
k - Iskenderun's Mystic   Conj           #####...     1%          4    ###....
x - Dazzling Spray        Conj/Hex       ####..       2%          3    None


Dungeon Overview and Level Annotations

Branches:
Dungeon (7/15)             Temple (1/1) D:5

Altars:
Cheibriados
Fedhas
Kikubaaqudgha
Okawaru
Qazlal
Ru
Sif Muna
Trog
Uskayaw
Vehumet
Wu Jian
Xom
Yredelemnul
Zin

Shops:
D:2 *   D:4 (

Annotations:
D:5 letownia2's ghost, amateur GrWz
D:7 Joseph


Innate Abilities, Weirdness & Mutations

You are resistant to torment.
((Your stone body is resilient. (AC +6)))
You are immune to poison.
You resist negative energy. (rN+)
((You are resistant to electric shocks. (rElec)))
((You can survive without breathing.))
You are immune to petrification.
You are immune to rotting.


Message History

* * * LOW HITPOINT WARNING * * *
The killer bee stings you but does no damage. x4
Unknown command.
You hit Joseph but do no damage. You drain Joseph!
Joseph is moderately wounded.
The killer bee stings you but does no damage. x2
Joseph hits you but does no damage.
The killer bee stings you but does no damage.
The killer bee stings you.
* * * LOW HITPOINT WARNING * * *
The killer bee stings you but does no damage.
You hit Joseph. You drain Joseph!
Joseph is heavily wounded.
The killer bee stings you.
* * * LOW HITPOINT WARNING * * *
The killer bee stings you but does no damage. x2
Joseph hits you but does no damage.
The killer bee stings you but does no damage. x2
The killer bee stings you.
You die...

......##.......#.......#
......+........#.......#######
#.....##.......#..............
#.....##.......#..............
...............#..............
#..............#..............
#..............#..............
...............#..............
##+#############♣y............
...$........yyy@.###########
.......((.....y..#
.................#
.................#
.................#
.................#
..........######## ..........#


You could see Joseph and 5 killer bees.

Vanquished Creatures
  An orc warlord (Bailey)
  Pikel (D:7)
  A hungry ghost (D:7)
  3 orc warriors (Bailey)
  2 ice beasts
  2 slaves (D:7)
  An ogre (D:6)
  A centaur (D:7)
  A bullfrog (D:6)
  A scorpion (D:4)
  3 howler monkeys (D:7)
  A jelly (D:7)
  An orc priest (D:5)
  A hound (D:4)
  3 orc wizards
  6 worker ants
  A hound skeleton (D:4)
  3 adders
  2 gnolls (Bailey)
  A howler monkey skeleton (D:7)
  A shadow imp (D:7)
  An adder skeleton (D:7)
  2 dart slugs (D:1)
  3 leopard geckos
  13 orcs
  2 giant cockroaches
  12 goblins
  4 hobgoblins
  A jackal (D:7)
  A quokka (D:4)
  A bat (D:2)
  3 frilled lizards
  15 kobolds
  A leopard gecko skeleton (D:4)
  2 rats (D:2)
98 creatures vanquished.

Vanquished Creatures (others)
  A hound (D:7)
  An orc priest (D:7)
  A jackal (D:7)
3 creatures vanquished.

Grand Total: 101 creatures vanquished

Notes
Turn   | Place    | Note
-------+----------+-------------------------------------------
     0 | D:1      | letownia2 the Gargoyle Earth Elementalist began the quest for the Orb.
     0 | D:1      | Reached XP level 1. HP: 10/10 MP: 3/3
    92 | D:1      | Reached XP level 2. HP: 14/15 MP: 3/5
   241 | D:2      | Reached XP level 3. HP: 19/19 MP: 0/6
   276 | D:2      | Reached skill level 5 in Earth Magic
   281 | D:2      | Learned a level 3 spell: Stone Arrow
   319 | D:2      | Reached skill level 1 in Conjurations
   319 | D:2      | Reached XP level 4. HP: 19/24 MP: 3/7
   326 | D:2      | Found Zin's Purification Station.
   329 | D:2      | Found a glowing silver altar of Zin.
   449 | D:4      | Reached skill level 2 in Conjurations
   493 | D:4      | Reached XP level 5. HP: 10/28 MP: 4/9
   545 | D:4      | Found Deom Jelypp's Antique Weapon Boutique.
   672 | D:4      | Reached skill level 3 in Conjurations
   834 | D:5      | Entered Level 5 of the Dungeon
   876 | D:5      | Reached XP level 6. HP: 28/32 MP: 1/11
   970 | D:5      | Noticed letownia2's ghost (amateur GrWz)
   991 | D:4      | Learned a level 3 spell: Dazzling Spray
  1167 | D:5      | Noticed an ice beast
  1172 | D:5      | Killed an ice beast
  1172 | D:5      | Reached skill level 4 in Conjurations
  1194 | D:5      | Found a staircase to the Ecumenical Temple.
  1213 | Temple   | Entered the Ecumenical Temple
  1235 | Temple   | Became a worshipper of Vehumet
  1320 | D:6      | Reached skill level 5 in Conjurations
  1320 | D:6      | Reached XP level 7. HP: 14/36 MP: 3/14
  1340 | D:6      | Got a smoking marble ring
  1343 | D:6      | Identified the ring "Yzxomoutum" {*Tele *Drain rF+ Str+4} (You found it on level 6 of the Dungeon)
  1377 | D:6      | Reached skill level 5 in Spellcasting
  1457 | D:7      | Learned a level 2 spell: Throw Flame
  1461 | D:7      | Learned a level 3 spell: Conjure Flame
  1483 | D:7      | Noticed a hungry ghost
  1497 | D:7      | Killed a hungry ghost
  1508 | D:7      | Learned a level 3 spell: Inner Flame
  1566 | D:7      | Reached XP level 8. HP: 34/41 MP: 7/16
  1575 | D:7      | Noticed Pikel
  1597 | D:7      | Killed Pikel
  1597 | D:7      | Reached skill level 6 in Conjurations
  1597 | D:7      | Reached skill level 1 in Hexes
  1652 | D:7      | Reached * piety under Vehumet
  1652 | D:7      | Offered knowledge of Freeze by Vehumet.
  1722 | D:7      | Found a flagged portal.
  1846 | Bailey   | Entered a bailey
  1854 | Bailey   | Noticed an orc warlord
  2016 | Bailey   | Reached skill level 7 in Conjurations
  2016 | Bailey   | Reached XP level 9. HP: 16/45 MP: 3/18
  2112 | Bailey   | Found a runed gate.
  2114 | Bailey   | Found a runed gate.
  2116 | Bailey   | Found a runed gate.
  2150 | Bailey   | Learned a level 4 spell: Iskenderun's Mystic Blast
  2289 | Bailey   | Killed an orc warlord
  2289 | Bailey   | Reached skill level 9 in Conjurations
  2435 | D:7      | Noticed Joseph
  2457 | D:7      | HP: 2/67 [killer bee (6)]
  2457 | D:7      | Slain by a killer bee

Skill      XL: |  1  2  3  4  5  6  7  8  9 |
---------------+----------------------------+-----
Earth Magic    | 4 5 6 |  6.8
Conjurations   | 1 2 3 5 7 9 |  9.1
Spellcasting   | 3 4 5 6 7 |  7.9
Hexes          | 2 |  2.2
Fire Magic     | 2 |  2.1
Dodging        | |  1.6
Stealth        | |  2.2
Transmutations | |  0.7

Action                   |  1- 3 |  4- 6 |  7- 9 || total
-------------------------+-------+-------+-------++-------
Melee: Unarmed           |     3 |       |       ||     3
       Dagger            |    11 |    85 |    95 ||   191
 Cast: Sandblast         |    24 |    32 |    40 ||    96
       Stone Arrow       |       |     9 |    22 ||    31
       Dazzling Spray    |       |     3 |     6 ||     9
       Throw Flame       |       |       |    42 ||    42
       Conjure Flame     |       |       |    14 ||    14
       Inner Flame       |       |       |     1 ||     1
       Iskenderun's Myst |       |       |     3 ||     3
  Use: Scroll            |       |       |     8 ||     8
       Potion            |       |       |     4 ||     4
 Stab: Sleeping          |       |     1 |       ||     1
       Invisible         |       |     1 |     1 ||     2
  Eat: Chunk             |       |     3 |     7 ||    10
Armor: Robe              |     4 |    24 |       ||    28
       Leather armour    |       |    14 |    72 ||    86
       Skin              |       |       |    42 ||    42
Dodge: Dodged            |    14 |    60 |    82 ||   156
